 Dungeon Crawl Stone Soup version 0.25-a0-35-g747a2b3c0c (webtiles) character file.

Game seed: 11052787551639401110, levelgen mode: deterministic

2169 Conn the Cudgeler (level 9, -1/58 HPs)
             Began as an Octopode Fire Elementalist on Oct 19, 2019.
             Slain by a centaur zombie (7 damage)
             ... on level 7 of the Dungeon.
             The game lasted 00:17:57 (5630 turns).

Conn the Cudgeler (Octopode Fire Elementalist)      Turns: 5630, Time: 00:17:58

Health: -1/58      AC:  1    Str:  7    XL:     9   Next: 32%
Magic:  7/15       EV: 15    Int: 20    God:
Gold:   340        SH:  0    Dex: 13    Spells: 5/16 levels left

rFire    . . .     SeeInvis .   e - +2 mace (protect)
rCold    . . .     Gourm    .   (no shield)
rNeg     . . .     Faith    .   (helmet restricted)
rPois    +         Spirit   .   (no amulet)
rElec    .         Reflect  .   (no ring)
rCorr    .         Harm     .   (no ring)
MR       .....                  (no ring)
Stlth    ++++......             (no ring)
HPRegen  0.19/turn              (no ring)
MPRegen  0.14/turn              (no ring)
                                (no ring)
                                (no ring)

@: very slightly contaminated
A: almost no armour, stealthy swim, amphibious, 8 rings, constrict 8, tentacle
spike 1, camouflage 1, poison resistance, gelatinous body 1, evolution 1
a: no special abilities


You were on level 7 of the Dungeon.
You were not hungry.

You visited 1 branch of the dungeon, and saw 7 of its levels.

You collected 340 gold pieces.

Inventory:

Hand Weapons
 e - a +2 mace of protection (weapon)
 i - a +0 flail of crushing
 o - a +0 hand axe of venom
Jewellery
 r - an uncursed ring of ice
Scrolls
 f - 2 scrolls of noise {unknown}
 g - 2 scrolls of enchant armour {unknown}
 j - 2 scrolls of remove curse {unknown}
 k - 2 scrolls of teleportation {unknown}
 m - a scroll of fog {unknown}
 n - 4 scrolls of identify {unknown}
 p - a scroll of enchant weapon {unknown}
 q - a scroll of immolation {unknown}
Potions
 d - 2 potions of degeneration
 h - 2 potions of mutation
 l - 2 potions of invisibility {unknown}
 s - a potion of flight
Comestibles
 a - 2 chunks of flesh
 b - 16 rations


   Skills:
 + Level 3.9 Fighting
 + Level 7.1 Maces & Flails
 + Level 4.8 Dodging
 + Level 6.3 Stealth
 + Level 4.2 Spellcasting
 + Level 3.1 Conjurations
 + Level 4.5 Fire Magic


You had 5 spell levels left.
You knew the following spells:

 Your Spells              Type           Power        Failure   Level  Hunger
a - Flame Tongue          Conj/Fire      ###..        2%          1    None
b - Conjure Flame         Conj/Fire      ###.....     8%          3    ###....
c - Inner Flame           Hex/Fire       ##......     14%         3    ###....
d - Sticky Flame          Conj/Fire      ###.....     26%         4    ####...

Your spell library contained the following spells:

 Spells                   Type           Power        Failure   Level  Hunger
 Throw Flame              Conj/Fire      ###...       3%          2    #......
 Fireball                 Conj/Fire      ###.......   56%         5    ######.


Dungeon Overview and Level Annotations

Branches:
Dungeon (7/15)
 Temple: D:4-7

Altars:
Dithmenos
Hepliaklqana
Makhleb
Okawaru
Wu Jian
Yredelemnul


Innate Abilities, Weirdness & Mutations

You cannot wear most types of armour.
You are very stealthy in the water. (Stealth+)
You are amphibious.
You can wear up to eight rings at the same time.
You can use your tentacles to constrict eight enemies at once.
Your skin changes colour to match your surroundings (Stealth+).
Your rubbery body absorbs attacks. (AC +1, EV +1)
One of your tentacles bears a spike.
Your system is resistant to poisons. (rPois)
You evolve.


Message History

Confirm with . or Enter, or press ? or * to list all spells.
Aiming: Sticky Flame (quite dangerous; 26% risk of failure)
Press: ? - help, Shift-Dir - straight line, f - centaur zombie
Aim: a centaur zombie (lightly damaged)
You miscast Sticky Flame.
You are very lightly contaminated with residual magic.
Your skin glows momentarily.
The centaur zombie hits you.
* * * LOW HITPOINT WARNING * * *
Casting: Sticky Flame (quite dangerous; 26% risk of failure)
Confirm with . or Enter, or press ? or * to list all spells.
Aiming: Sticky Flame (quite dangerous; 26% risk of failure)
Press: ? - help, Shift-Dir - straight line, f/p - centaur zombie
Aim: a centaur zombie (lightly damaged)
The sticky flame hits the centaur zombie.
The centaur zombie is lightly damaged.
The centaur zombie is covered in liquid flames!
The centaur zombie burns!
The phantom hits you.
* * * LOW HITPOINT WARNING * * *
The phantom blinks!
The centaur zombie hits you!
You die...

... ..## ....
######.... ..#...o..
#.#.##..o .#. ##.#.# ..
.W...##########....###
.
......ยง@Zo...........+
#...###########<..####
# ##.## #.# ... ##.##
... #.# .#


You could see a phantom, an orc and a centaur zombie (burning).

Vanquished Creatures
  A two-headed ogre (D:6)
  Grinder (D:5)
  Sigmund (D:5)
  Eustachio (D:6)
  Edmund (D:6)
  2 phantoms (D:4)
  A necrophage (D:7)
  2 ogres (D:4)
  A bullfrog (D:6)
  2 hounds
  3 orc priests (D:4)
  A gnoll shaman (D:4)
  Natasha (D:4)
  2 worker ants
  A hound skeleton (D:4)
  A howler monkey zombie (D:5)
  A mummy (D:7)
  A worker ant zombie (D:3)
  3 gnolls (D:4)
  3 adders
  An ooze (D:1)
  An adder skeleton (D:4)
  3 dart slugs
  5 leopard geckos
  12 orcs
  2 ball pythons (D:2)
  A giant cockroach (D:2)
  10 hobgoblins
  10 jackals
  7 kobolds
  2 quokkas
  6 bats
  6 frilled lizards
  17 goblins
  14 rats
127 creatures vanquished.

Notes
Turn   | Place    | Note
-------+----------+-------------------------------------------
     0 | D:1      | Conn the Octopode Fire Elementalist began the quest for the
                  | Orb.
     0 | D:1      | Reached XP level 1. HP: 11/11 MP: 3/3
    79 | D:1      | Reached XP level 2. HP: 14/17 MP: 0/5
   649 | D:1      | Reached XP level 3. HP: 17/21 MP: 7/7
   888 | D:1      | Learned a level 3 spell: Conjure Flame
  1007 | D:2      | Found a shadowy altar of Dithmenos.
  1015 | D:2      | Reached XP level 4. HP: 19/27 MP: 8/8
  1249 | D:2      | Reached skill level 1 in Maces & Flails
  1283 | D:2      | Found a faded altar of an unknown god.
  1886 | D:3      | Reached XP level 5. HP: 31/32 MP: 9/9
  2226 | D:3      | Found a hazy altar of Hepliaklqana.
  2709 | D:3      | Reached skill level 2 in Maces & Flails
  2764 | D:3      | Found a burning altar of Makhleb.
  2799 | D:3      | Reached skill level 1 in Fighting
  3087 | D:4      | Noticed a phantom
  3144 | D:4      | Gained mutation: You evolve. [potion of mutation]
  3144 | D:4      | Gained mutation: One of your tentacles bears a spike.
                  | [potion of mutation]
  3144 | D:4      | Gained mutation: You possess an exceptional clarity of
                  | mind. [potion of mutation]
  3144 | D:4      | Gained mutation: Your system is resistant to poisons.
                  | (rPois) [potion of mutation]
  3160 | D:4      | Killed a phantom
  3160 | D:4      | Reached XP level 6. HP: 23/38 MP: 0/10
  3310 | D:4      | Reached skill level 3 in Maces & Flails
  3341 | D:4      | Noticed a phantom
  3385 | D:4      | Lost mutation: You possess an exceptional clarity of mind.
                  | [evolution]
  3455 | D:4      | Killed a phantom
  3455 | D:4      | Reached XP level 7. HP: 14/45 MP: 1/11
  3491 | D:5      | Entered Level 5 of the Dungeon
  3781 | D:4      | Reached skill level 4 in Maces & Flails
  3781 | D:4      | Reached skill level 5 in Stealth
  4120 | D:4      | Found a basalt altar of Yredelemnul.
  4372 | D:4      | Found an iron altar of Okawaru.
  4379 | D:4      | Noticed Natasha
  4395 | D:4      | Killed Natasha
  4613 | D:5      | Noticed Grinder
  4622 | D:5      | Killed Grinder
  4622 | D:5      | Reached skill level 5 in Maces & Flails
  4622 | D:5      | Reached XP level 8. HP: 44/51 MP: 13/13
  4669 | D:5      | Found an ornate altar of the Wu Jian Council.
  4870 | D:5      | Noticed Sigmund
  4887 | D:5      | Killed Sigmund
  5135 | D:5      | Learned a level 3 spell: Inner Flame
  5140 | D:5      | Learned a level 4 spell: Sticky Flame
  5214 | D:6      | Noticed a two-headed ogre
  5315 | D:6      | Killed a two-headed ogre
  5315 | D:6      | Reached skill level 6 in Maces & Flails
  5315 | D:6      | Reached XP level 9. HP: 30/58 MP: 2/15
  5532 | D:6      | Noticed Edmund
  5543 | D:6      | Killed Edmund
  5563 | D:6      | Noticed Eustachio
  5589 | D:6      | Killed Eustachio
  5608 | D:7      | Reached skill level 7 in Maces & Flails
  5630 | D:7      | Slain by a centaur zombie

Levels and vault maps discovered:
D:1:      scummos_arrival_star, layout_basic, minmay_split_cup_large
D:2:      layout_loops_cross, overflow_temple_1_default, serial_forest,
          infiniplex_forest_clump_small, infiniplex_forest_end_2,
          infiniplex_forest_clump_diagonal, infiniplex_forest_zigzag_1,
          chequers_ecumenical_altar_grove, minmay_distorted
D:3:      layout_loops_ring, lemuel_crystal_altar, marbit_many_paths
D:4:      layout_basic, lemuel_crystal_altar, okawaru_trees_1, first_ration,
          minmay_ogre_servants, uniq_natasha
D:5:      layout_basic, overflow_temple_1_default, uniq_grinder, uniq_sigmund
D:6:      layout_cave_pools, minmay_temple_entry_poolview,
          uniq_crazy_yiuf_cottage, uniq_eustachio, uniq_edmund
D:7:      layout_loops_corners, serial_undead, serial_undead_a, serial_undead_f,
          serial_undead_a, serial_undead_e, serial_undead_d, serial_undead_a,
          serial_shops, shop, kennysheep_generic_room_16

Skill      XL: |  1  2  3  4  5  6  7  8  9 |
---------------+----------------------------+-----
Stealth        | 3 4 5 6 |  6.3
Maces & Flails | 1 2 3 5 6 7 |  7.1
Fighting       | 1 2 3 |  3.9
Dodging        | 3 4 |  4.8
Spellcasting   | 3 4 |  4.2
Conjurations   | 2 3 |  3.1
Fire Magic     | 4 |  4.5

Action                   |  1- 3 |  4- 6 |  7- 9 || total
-------------------------+-------+-------+-------++-------
Melee: Unarmed           |    17 |       |       ||    17
       Constrict         |    11 |    31 |    26 ||    68
       Tentacles         |     6 |    21 |    17 ||    44
       Mace              |    24 |   145 |   119 ||   288
       Kick              |       |    10 |    35 ||    45
 Cast: Flame Tongue      |    18 |    26 |    27 ||    71
       Conjure Flame     |       |     4 |     2 ||     6
       Sticky Flame      |       |       |     2 ||     2
  Use: Potion            |       |     7 |     1 ||     8
 Stab: Sleeping          |     5 |    15 |     2 ||    22
  Eat: Chunk             |       |     9 |     7 ||    16
Armor: Skin              |     9 |    31 |    26 ||    66
Dodge: Dodged            |    33 |    99 |   100 ||   232

Table legend:
 A = Non-vault XP
 B = Vault XP
 C = Vault XP percentage of total XP
 D = Non-vault monster count
 E = Vault monster count
 F = Vault count percentage of total count
                 A         B        C        D         E       F
            +---------+---------+-------+---------+---------+-------
      Total |    1956 |    1143 |  36.9 |     102 |      25 |  19.7
            +---------+---------+-------+---------+---------+-------
        D:1 |      42 |       5 |  10.6 |      20 |       4 |  16.7
        D:2 |      89 |      11 |  11.0 |      23 |       4 |  14.8
        D:3 |      70 |       1 |   1.4 |      23 |       1 |   4.2
        D:4 |     669 |     168 |  20.1 |      24 |      10 |  29.4
        D:5 |      73 |     474 |  86.7 |       7 |       2 |  22.2
        D:6 |    1013 |     345 |  25.4 |       5 |       2 |  28.6
        D:7 |       0 |     139 | 100.0 |       0 |       2 | 100.0
            +---------+---------+-------+---------+---------+-------
